 Dungeon Crawl Stone Soup version 0.31-a0-1612-g4aaf141004 (webtiles) character file.

Game seed: 9472911920271535164

3555 PlayingRandomsOnly the Cudgeller (level 10, -3/59 HPs)
             Began as a Gargoyle Hedge Wizard on Jan 9, 2024.
             Was a Priest of Lugonu.
             Killed by divine providence
             ... invoked by an orc priest
              (12 damage)
             ... on level 8 of the Dungeon.
             The game lasted 01:07:06 (9420 turns).

PlayingRandomsOnly the Cudgeller (GrHW)             Turns: 9420, Time: 01:07:07

Health: -3/59      AC: 29    Str: 21    XL:     10   Next: 9%
Magic:  14/14      EV:  8    Int: 18    God:    Lugonu [***...]
Gold:   235        SH:  5    Dex:  9    Spells: 4/15 levels left

rFire   + . .        a - +2 mace (protect)
rCold   . . .        (no shield)
rNeg    + . .        w - +2 chain mail {rF+}
rPois   ∞            e - +0 helmet
rElec   +            (no cloak)
rCorr   .            (no gloves)
SInv    .            G - +0 pair of boots
Will    +....        I - amulet of reflection Stlth
                     f - +6 ring of strength
HPRegen 0.29/turn    c - ring of willpower
MPRegen 0.14/turn

%: reflection
@: under a protective aura
A: sickness immunity, AC +7, negative energy resistance 1, electricity
resistance, torment resistance 1, petrification resistance
a: Renounce Religion, Depart the Abyss, Banish


You were on level 8 of the Dungeon.
You worshipped Lugonu.
Lugonu was most pleased with you.
You visited 1 branch of the dungeon, and saw 8 of its levels.

You collected 407 gold pieces.
You spent 172 gold pieces at shops.

Inventory:

Hand Weapons
 a - a +2 mace of protection (weapon)
 b - a +4 sling
 p - a +2 dagger of venom
Missiles
 q - 60 stones
 z - 3 poisoned darts
 D - 3 atropa-tipped darts
Armour
 e - a +0 helmet (worn)
 t - a +0 leather armour
 w - a +2 chain mail of fire resistance (worn)
 G - a +0 pair of boots (worn)
Jewellery
 c - a ring of willpower (right hand)
 f - a +6 ring of strength (left hand)
 A - a ring of flight
 C - a ring of protection from fire
 I - an amulet of reflection (around neck)
 J - a ring of positive energy
Wands
 x - a wand of mindburst (3)
 L - a wand of polymorph (4)
Scrolls
 g - 3 scrolls of teleportation
 h - 2 scrolls of revelation
 j - a scroll of fear
 r - a scroll of torment
 s - 2 scrolls of amnesia
 u - 2 scrolls of vulnerability {unknown}
 v - 2 scrolls of noise {unknown}
 y - a scroll of immolation {unknown}
 E - a scroll of identify
 H - a scroll of blinking {unknown}
 K - a scroll of enchant weapon
 M - a scroll of poison {unknown}
Potions
 d - a potion of magic
 i - a potion of attraction
 k - 2 potions of lignification {unknown}
 l - a potion of mutation {unknown}
 m - 6 potions of curing
 n - a potion of might
 o - 2 potions of haste
 B - a potion of cancellation {unknown}


   Skills:
 - Level 5.0 Fighting
 - Level 6.7 Maces & Flails
 + Level 6.5 Armour
 - Level 1.5 Dodging
 - Level 2.1 Stealth
 - Level 3.0 Spellcasting
 - Level 5.0 Conjurations
 - Level 3.0 Summonings
 - Level 0.8 Translocations
 - Level 3.0 Air Magic
 - Level 3.0 Earth Magic
 - Level 3.0 Alchemy
 - Level 5.0 Invocations


You had 4 spell levels left.
You knew the following spells:

 Your Spells              Type           Power      Damage    Failure   Level
a - Magic Dart            Conj           80%        1d7       13%         1
b - Call Imp              Summ           26%        N/A       41%         2
c - Blink                 Tloc           10%        N/A       71%         2
d - Mephitic Cloud        Conj/Alch/Air  15%        N/A       54%         3
e - Passwall              Erth           13%        N/A       65%         3

Your spell library contained the following spells:

 Spells                   Type           Power      Damage    Failure   Level
 Swiftness                Air            13%        N/A       65%         3
 Slow                     Hex            8%         N/A       69%         1
 Hailstorm                Conj/Ice       11%        3d6       71%         3
 Ensorcelled Hibernation  Hex/Ice        4%         N/A       83%         2
 Summon Ice Beast         Ice/Summ       8%         N/A       85%         3
 Fugue of the Fallen      Necr           2%         N/A       96%         3
 Ozocubu's Armour         Ice            2%         N/A       96%         3
 Manifold Assault         Tloc           5%         N/A       100%        4
 Sculpt Simulacrum        Ice/Alch       4%         N/A       100%        6
 Cigotuvi's Dreadful Rot  Necr/Alch/Air  Unusable   N/A       N/A         2

Dungeon Overview and Level Annotations

Branches:
Dungeon (8/15)             Temple (0/1) D:4
   Lair: D:8-11

Altars:
Nemelex Xobeh
Okawaru
Ru
Vehumet
Zin
Lugonu

Shops:
D:2 !*[*


Innate Abilities, Weirdness & Mutations

You are immune to sickness and miasma.
Your stone body is resilient. (AC +7)
You are immune to poison.
You resist negative energy. (rN+)
You are resistant to electric shocks. (rElec)
You are resistant to unholy torment.
You are immune to petrification.


Message History

You kill the killer bee!
Lugonu accepts your kill. The killer bee stings you.
* * * LOW HITPOINT WARNING * * *
The killer bee stings you but does no damage.
You hit the killer bee.
The killer bee is moderately wounded.
The killer bee stings you but does no damage. x2
You barely miss the killer bee.
The killer bee is moderately wounded.
The killer bee closely misses you. x2
You sock the killer bee!
The killer bee is almost dead.
You block the killer bee's attack.
The killer bee stings you but does no damage.
You barely miss the killer bee.
The killer bee is almost dead.
The killer bee stings you.
* * * LOW HITPOINT WARNING * * *
The killer bee stings you but does no damage.
You barely miss the killer bee.
The killer bee is almost dead.
The killer bee stings you but does no damage.
The killer bee stings you.
* * * LOW HITPOINT WARNING * * *
You hit the killer bee.
You kill the killer bee!
Lugonu accepts your kill. You block the killer bee's attack.
The killer bee stings you but does no damage.
The killer bee stings you but does no damage.
The orc priest invokes the aid of Beogh against you.
Beogh smites you!
* * * LOW HITPOINT WARNING * * *
The killer bee barely misses you.
There is a stone staircase leading up here.
The killer bee closely misses you. You block the killer bee's attack.
The orc priest calls down the wrath of Beogh upon you.
Beogh smites you!
You die...

#.))# ###y# ###
#.# ..
####.#### .. .
#...y..o# .##..
#.##.##†#......
#.##.##.#......
#.##..yy......$
#.#####@#......
#.#####.#######
#.......#
#########


You could see 2 killer bees and an orc priest.

Vanquished Creatures
  Grinder (D:6)
  Sigmund (D:6)
  5 yaks (D:8)
  3 black bears
  An ice beast (D:5)
  A sky beast (D:7)
  A centaur (D:7)
  A kobold brigand (D:7)
  A bullfrog (D:7)
  3 scorpions (D:5)
  4 killer bees
  4 bombardier beetles
  A howler monkey (D:5)
  3 hounds
  2 orc priests
  6 iguanas
  3 orc wizards
  6 adders
  4 gnolls
  2 shadow imps (D:7)
  2 white imps
  2 ribbon worms
  5 dart slugs
  26 orcs
  4 endoplasms
  6 giant cockroaches
  9 goblins
  8 hobgoblins
  17 kobolds
  6 quokkas
  5 ball pythons
  8 bats
  A frilled lizard (D:1)
  5 rats
157 creatures vanquished.

Vanquished Creatures (collateral kills)
  A water moccasin (D:7)
  A black bear (D:3)
  A centaur (D:8)
  2 killer bees (D:5)
  An orc wizard (D:6)
  2 gnolls (D:2)
  An adder (D:4)
  A ribbon worm (D:4)
  4 orcs
  A hobgoblin (D:2)
  3 jackals (D:2)
  A kobold (D:3)
19 creatures vanquished.

Grand Total: 176 creatures vanquished

Notes
Turn   | Place    | Note
-------+----------+-------------------------------------------
     0 | D:1      | PlayingRandomsOnly the Gargoyle Hedge Wizard began the
                  | quest for the Orb.
     0 | D:1      | Reached XP level 1. HP: 10/10 MP: 4/4
   209 | D:1      | Reached XP level 2. HP: 15/15 MP: 3/6
   212 | D:1      | Learned a level 2 spell: Call Imp
   215 | D:1      | Learned a level 2 spell: Blink
   658 | D:1      | Reached skill level 1 in Summonings
   713 | D:1      | Reached XP level 3. HP: 14/19 MP: 0/7
  1051 | D:1      | You fall into a shaft and drop 1 floor!
  1249 | D:1      | Found a faded altar of an unknown god.
  1253 | D:1      | Prayed at the altar of an unknown god.
  1253 | D:1      | Became a worshipper of Lugonu the Unformed
  1253 | D:1      | Reached * piety under Lugonu
  1600 | D:2      | Found Sient's Antique Armour Shoppe.
  1645 | D:2      | Found Odyxtiax's Distillery.
  1654 | D:2      | Bought a potion of curing for 33 gold pieces
  1656 | D:2      | Bought a potion of might for 44 gold pieces
  1803 | D:2      | Learned a level 3 spell: Mephitic Cloud
  1983 | D:1      | Reached XP level 4. HP: 22/24 MP: 6/8
  2014 | D:2      | Found Unomel's Assorted Antiques.
  2341 | D:2      | Found Wothrynedgh's General Store.
  2354 | D:2      | Bought a scroll of identify for 20 gold pieces
  2356 | D:2      | Bought a scroll of identify for 20 gold pieces
  2788 | D:3      | Reached skill level 1 in Fighting
  3220 | D:3      | Noticed a black bear
  3239 | D:3      | Killed a black bear
  3240 | D:3      | Reached XP level 5. HP: 7/30 MP: 1/9
  3788 | D:3      | Reached XP level 6. HP: 28/35 MP: 7/10
  3950 | D:3      | Reached ** piety under Lugonu
  4360 | D:4      | Found a sparkling altar of Nemelex Xobeh.
  4945 | D:4      | Reached skill level 1 in Armour
  5210 | D:4      | Noticed a black bear
  5226 | D:4      | Noticed a black bear
  5231 | D:4      | Killed a black bear
  5232 | D:4      | Reached XP level 7. HP: 38/40 MP: 9/11
  5236 | D:4      | Reached skill level 1 in Air Magic
  5236 | D:4      | Reached skill level 1 in Alchemy
  5441 | D:4      | Found a sacrificial altar of Ru.
  5573 | D:4      | Found a staircase to the Ecumenical Temple.
  5728 | D:5      | Entered Level 5 of the Dungeon
  5866 | D:5      | Reached XP level 8. HP: 45/46 MP: 9/12
  5941 | D:5      | Found an iron altar of Okawaru.
  6456 | D:5      | Reached skill level 5 in Conjurations
  6711 | D:5      | Identified the +0 leather armour of Failure {Fly rElec rF+
                  | Int+3}
  6759 | D:5      | Learned a level 3 spell: Passwall
  6936 | D:2      | Bought a potion of heal wounds for 55 gold pieces
  7175 | D:5      | Reached skill level 1 in Earth Magic
  7230 | D:6      | Noticed Grinder
  7234 | D:6      | Killed Grinder
  7317 | D:6      | Reached *** piety under Lugonu
  7560 | D:6      | Reached XP level 9. HP: 38/50 MP: 7/13
  7617 | D:6      | Noticed Sigmund
  7677 | D:6      | Found a glowing silver altar of Zin.
  7944 | D:6      | Killed Sigmund
  7945 | D:6      | Reached skill level 5 in Invocations
  8271 | D:7      | Found a radiant altar of Vehumet.
  8486 | D:7      | Identified the +0 chain mail of the Thistle {Rampage rF-
                  | rN+ rCorr}
  8628 | D:7      | Reached skill level 5 in Maces & Flails
  9140 | D:8      | Reached skill level 5 in Fighting
  9163 | D:8      | Reached skill level 5 in Armour
  9178 | D:8      | Reached XP level 10. HP: 34/59 MP: 4/14
  9420 | D:8      | Killed from afar by an orc priest

Illustrated notes

Levels and vault maps discovered:
D:1:      dpeg_arrival_concentric_ovals, layout_basic,
          ebering_ecumenical_altar_rust, serial_forest,
          infiniplex_forest_straight_3, infiniplex_forest_lined_ring,
          infiniplex_forest_clump_double, infiniplex_forest_lined_1,
          minmay_misc_feat_pillars
D:2:      layout_rooms, serial_shops, shop, nicolae_shop_behind_doors, shop,
          nicolae_shop_rolling_square
D:3:      layout_basic, nicolae_elevator_lobby_plus
D:4:      layout_basic, mainiacjoe_overflow_tiny_flanked,
          nicolae_ru_the_path_less_chosen, minmay_temple_entry_poolview
D:5:      layout_loops_ring, hellmonk_okawaru_the_only_friend_you_need,
          wad_rectangle_vault
D:6:      layout_cave_pools, mainiacjoe_overflow_24_doors,
          chequers_serial_rivers_marsh, uniq_grinder, uniq_sigmund
D:7:      layout_basic, nicolae_overflow_crystal_walls
D:8:      layout_loops_cross

Skill      XL: |  1  2  3  4  5  6  7  8  9 |
---------------+----------------------------+-----
Conjurations   | 2 3 4 5 |  5.0
Summonings     | 1 2 3 |  3.0
Fighting       | 2 3 5 |  5.0
Maces & Flails | 2 4 6 |  6.7
Armour         | 3 6 |  6.5
Air Magic      | 2 3 |  3.0
Alchemy        | 2 3 |  3.0
Earth Magic    | 3 |  3.0
Invocations    | 4 5 |  5.0
Dodging        | |  1.5
Stealth        | |  2.1
Spellcasting   | |  3.0
Translocations | |  0.8

Action                     |  1- 3 |  4- 6 |  7- 9 | 10-12 || total
---------------------------+-------+-------+-------+-------++-------
  Melee: Dagger            |    35 |    12 |       |       ||    47
         Whip              |    56 |    16 |       |       ||    72
         Mace              |       |   123 |   265 |    49 ||   437
         Punch             |       |     2 |     2 |       ||     4
   Fire: Sling             |       |       |     4 |       ||     4
  Throw: Stone             |     3 |       |       |       ||     3
         Dart              |       |     6 |     1 |       ||     7
   Cast: Magic Dart        |    73 |    58 |    25 |       ||   156
         Call Imp          |     3 |    22 |    17 |     1 ||    43
         Mephitic Cloud    |       |       |    21 |       ||    21
         Blink             |       |       |     2 |     1 ||     3
         Passwall          |       |       |     1 |       ||     1
 Invoke: Banish            |       |       |     2 |       ||     2
  Evoke: Wand              |       |       |     8 |       ||     8
    Use: Scroll            |       |     9 |     1 |       ||    10
         Potion            |       |       |     2 |       ||     2
   Stab: Distracted        |       |     1 |     2 |       ||     3
         Sleeping          |       |       |     1 |       ||     1
         Confused          |       |       |     7 |       ||     7
 Armour: Robe              |    65 |     8 |       |       ||    73
         Leather armour    |       |    85 |   189 |     7 ||   281
         Chain mail        |       |    18 |     4 |    58 ||    80
         Skin              |       |       |       |     6 ||     6
  Dodge: Dodged            |    74 |    81 |   163 |    36 ||   354
  Block: Other             |       |       |    20 |    23 ||    43
         Reflection        |       |       |     1 |       ||     1

Table legend: (Time is in decaauts)
 A = Elapsed time spent in this place.
 B = Non-inter-level travel time spent in this place.
 C = Inter-level travel time spent in this place.
 D = Time resting spent in this place.
 E = Time spent auto-exploring this place.
 F = Levels seen in this place.
 G = Mean time per level.
                   A        B        C        D        E       F      G
               +--------+--------+--------+--------+--------+-----+--------+
         Total |   9514 |   8684 |    830 |   1764 |   2809 |   8 | 1189.2 |
       Dungeon |   9514 |   8684 |    830 |   1764 |   2809 |   8 | 1189.2 |
               +--------+--------+--------+--------+--------+-----+--------+

Top non-repeatable levels by time:
     D:1: 1774 daAuts
     D:4: 1573 daAuts
     D:3: 1572 daAuts
     D:5: 1302 daAuts
     D:7: 1144 daAuts
     D:2: 1112 daAuts
     D:6: 818 daAuts
     D:8: 216 daAuts
